[Event "Un Sabato di Lampo"]
[Site "Chess.com"]
[Date "2020.04.11"]
[Round "1"]
[White "crippo"]
[Black "SpessoInstabile"]
[Result "1-0"]
[WhiteElo "1556"]
[BlackElo "1299"]
[TimeControl "300+2"]
[EndTime "5:57:57 PDT"]
[Termination "crippo ha vinto per abbandono"]

1. e4 c5 2. Nc3 e6 3. Nf3 a6 4. a4 b5 5. axb5 Qb6 6. bxa6 Rxa6 7. Rxa6 Bxa6 8. Bxa6 Qxa6 9. d3 d6 10. O-O e5 11. Bd2 Nf6 12. Nd5 Nbd7 13. Nc7+ 1-0

[Event "Un Sabato di Lampo"]
[Site "Chess.com"]
[Date "2020.04.11"]
[Round "1"]
[White "sirmale49"]
[Black "mr6701"]
[Result "0-1"]
[WhiteElo "1428"]
[BlackElo "2106"]
[TimeControl "300+2"]
[EndTime "6:06:21 PDT"]
[Termination "mr6701 ha vinto per tempo"]

1. e4 d5 2. e5 c5 3. f4 Nc6 4. Nf3 Bg4 5. Bb5 Qb6 6. Bxc6+ Qxc6 7. O-O d4 8. d3 e6 9. Nbd2 Ne7 10. Nc4 Nd5 11. h3 Bh5 12. g4 Bg6 13. Qe2 b5 14.
Nd6+ Bxd6 15. exd6 Qxd6 16. Ne5 O-O 17. a3 f6 18. Nxg6 hxg6 19. Bd2 Rae8 20. Qe4 e5 21. f5 g5 22. Rac1 Nf4 23. Kh2 Kf7 24. Kg3 Rh8 25.
Rh1 Ne2+ 26. Qxe2 e4+ 27. Kg2 e3 28. Be1 Re7 29. Bg3 Qa6 30. Rce1 Rhe8 31. h4 gxh4 32. Rxh4 Qc6+ 33. Kg1 c4 34. Kh2 c3 35. b3 b4 36. a4 Rg8 37. Bf4 Ree8 0-1

[Event "Un Sabato di Lampo"]
[Site "Chess.com"]
[Date "2020.04.11"]
[Round "1"]
[White "BungalowBill"]
[Black "MarcoCiva"]
[Result "1-0"]
[WhiteElo "1636"]
[BlackElo "1413"]
[TimeControl "300+2"]
[EndTime "6:07:01 PDT"]
[Termination "BungalowBill ha vinto per abbandono"]

1. d4 Nf6 2. c4 d5 3. cxd5 Nxd5 4.
e4 Nb6 5. Nc3 e6 6. Be3 Bb4 7.
Bd3 O-O 8. Ne2 Bd7 9. O-O Na6 10.
Rc1 Qe7 11. f3 c5 12. Bb1 cxd4 13. Nxd4 e5 14. Nf5 Bxf5 15. exf5 Rfd8 16. Qc2 f6 17. Qb3+ Kh8 18. Bxb6 axb6 19. Nd5 Bc5+ 20. Kh1 Qf7 21. Rfd1 Nc7 22. Nxb6 Qxb3 23. axb3 Bxb6 24. Be4 Rab8 25. Rxd8+ Rxd8 26. g3 Bd4 27. Rxc7 b6 28. b4 Bxb2 29. b5 Bd4 30. Bd5 h5 31. Be6 Kh7 32.
h4 Ra8 33. Kg2 Ra5 34. Bd7 Be3 35. Bc6 Kh6 36. g4 hxg4 37. fxg4 g5 38. hxg5+ Bxg5 39. Rb7 Be3 40. Rf7 Bg5 41. Rf8 Ra2+ 42. Kf3 Ra3+ 43.
Ke2 Ra4 44. Bf3 Rb4 45. Bc6 Rxg4 46. Rg8 Re4+ 47. Bxe4 1-0

[Event "Un Sabato di Lampo"]
[Site "Chess.com"]
[Date "2020.04.11"]
[Round "1"]
[White "SanSecondoPR"]
[Black "markk000"]
[Result "0-1"]
[WhiteElo "1302"]
[BlackElo "1559"]
[TimeControl "300+2"]
[EndTime "6:07:57 PDT"]
[Termination "markk000 ha vinto per tempo"]

1. e4 c5 2. d4 cxd4 3. Nf3 Nc6 4. Nxd4 Nf6 5. Nc3 g6 6. Bg5 Bg7 7. Nb3 O-O 8. Qd2 e6 9. O-O-O a5 10. Bh6 a4 11.
Nc5 a3 12. b3 b6 13. Nd3 d5 14. Bxg7 Kxg7 15. e5 Ng4 16. f3 Ngxe5 17. Nxe5 Nxe5 18.
f4 Nc6 19. g4 d4 20. Ne4 Qd5 21. Bg2 Qb5 22. Bf1 Qb4 23. Bc4 Qxd2+ 24. Nxd2 Nb4 25. Kb1 Ba6 26. h4 Bxc4 27. Nxc4 b5 28. Ne5 Rfc8 29. Rxd4 Nxc2 30. Rd7 Kg8 31. Rc1 Nb4 32.
Rxf7 Rxc1+ 33. Kxc1 Rc8+ 34. Kd1 Rc2 35. Rb7 Rxa2 36. Rxb5 Ra1+ 0-1

[Event "Un Sabato di Lampo"]
[Site "Chess.com"]
[Date "2020.04.11"]
[Round "2"]
[White "mr6701"]
[Black "markk000"]
[Result "1-0"]
[WhiteElo "2107"]
[BlackElo "1558"]
[TimeControl "300+2"]
[EndTime "6:11:25 PDT"]
[Termination "mr6701 ha vinto per scaccomatto"]

1. e4 c5 2. d4 cxd4 3. c3 Nf6 4. e5 Nd5 5. cxd4 e6 6. Nf3 Bb4+ 7. Bd2 Qa5 8. Nc3 Nxc3 9. bxc3 Bxc3 10. Rc1 Bxd2+ 11. Nxd2 Nc6 12. Qg4 O-O 13. h4 Qa3 14. Rd1 Qxa2 15. Bd3 Qd5 16. Nf3 a5 17. Bxh7+ Kh8 18. Be4 Qc4 19. Qh5+ Kg8 20. Qh7# 1-0

[Event "Un Sabato di Lampo"]
[Site "Chess.com"]
[Date "2020.04.11"]
[Round "2"]
[White "MarcoCiva"]
[Black "SanSecondoPR"]
[Result "0-1"]
[WhiteElo "1403"]
[BlackElo "1312"]
[TimeControl "300+2"]
[EndTime "6:15:35 PDT"]
[Termination "SanSecondoPR ha vinto per abbandono"]

1. d4 d5 2. c4 e5 3. e3 Bb4+ 4. Nc3 Bxc3+ 5. bxc3 Nc6 6. Nf3 e4 7. Nd2 Nf6 8. f3 exf3 9. Nxf3 Bg4 10. cxd5 Qxd5 11.
Be2 Ne4 12. Qb3 Qxb3 13. axb3 Nxc3 14. Ba3 Nxe2 15. Kxe2 O-O-O 16. h3 Bf5 17. g4 Be4 18. Ng5 Bxh1 19. Nxf7 Bd5 20. Nxh8 Rxh8 21. b4 Re8 22. b5 Nxd4+ 23. Kd3 Nxb5 24. Bb2 Be4+ 25. Ke2 Nd6 26. Rxa7 Kb8 27. Ra4 b5 28. Ra5 c5 29.
Bxg7 b4 30. Rxc5 b3 31. Be5 Rxe5 32. Rxe5 b2 33. Re6 b1=Q 34. Rxd6 Qb5+ 35. Kf2 Qb2+ 36.
Ke1 Qb4+ 37. Kf2 0-1

[Event "Un Sabato di Lampo"]
[Site "Chess.com"]
[Date "2020.04.11"]
[Round "2"]
[White "Delsoldato03"]
[Black "BungalowBill"]
[Result "0-1"]
[WhiteElo "949"]
[BlackElo "1637"]
[TimeControl "300+2"]
[EndTime "6:17:30 PDT"]
[Termination "BungalowBill ha vinto per abbandono"]

1. d4 f5 2. c4 Nf6 3. Nc3 g6 4. Bg5 Bg7 5. e3 d6 6. Nf3 O-O 7. Bd3 Nc6 8. O-O e5 9. Nd5 e4 10. Bxf6 Bxf6 11. Nxf6+ Qxf6 12. Bxe4 fxe4 13. Nd2 Qe7 14. Qb3 Kh8 15. Qc3 Kg8 16. Qb3 Na5 17.
Qb5 b6 18. b4 a6 19. Qa4 Bd7 20. Qa3 Nb7 21. Qb3 Be6 22. Nxe4 b5 23. d5 Bf5 24. Ng3 Bd7 25. e4 bxc4 26. Qxc4 Bb5 27. Qc3 Bxf1 28. Rxf1 Rae8 29. f3 Nd8 30. Rc1 Rf7 31. Qc4 Qd7 32. Qxa6 h5 33. a4 h4 34. Ne2 g5 35. Nd4 g4 36. a5 gxf3 37. Nxf3 Qg4 38. Qe2 Rxe4 39. Qf2 0-1

[Event "Un Sabato di Lampo"]
[Site "Chess.com"]
[Date "2020.04.11"]
[Round "2"]
[White "sirmale49"]
[Black "crippo"]
[Result "1/2-1/2"]
[WhiteElo "1431"]
[BlackElo "1553"]
[TimeControl "300+2"]
[EndTime "6:21:33 PDT"]
[Termination "Patta d'accordo"]

1. e4 e5 2. f4 exf4 3. Nf3 Be7 4. d4 Bh4+ 5. Ke2 c6 6. Bxf4 d5 7. g3 Be7 8. e5 Bg4 9. Bg2 c5 10. h3 Bh5 11. g4 Bg6 12. c3 Be4 13. Nbd2 f5 14.
g5 Nc6 15. Kf2 cxd4 16. Nxd4 Nxd4 17. cxd4 Bb4 18. Rc1 Bxd2 19. Qxd2 Ne7 20. Qc3 O-O 21. Qc7 Qe8 22. e6 Ng6 23. Bd6 Qxe6 24. Bxf8 Rxf8 25. Qg3 f4 26. Qg4 Bf5 27. Qe2 Qb6 28. Rhd1 Qd6 29. Rc5 f3 30. Bxf3 Be4 31. Rc3 Qh2+ 32. Ke1 Qg1+ 33.
Kd2 Qxd4+ 34. Kc1 Qa4 35. Bxe4 dxe4 36. Qc4+ Qxc4 37. Rxc4 e3 38. Re1 Re8 39. Rc3 e2 40. Kd2 Nf4 41. Re3 Rd8+ 42. Kc2 Ng2 43. R1xe2 Nxe3+ 44. Rxe3 Rd7 45. Kc3 Kf7 46. h4 Kg6 47. Re4 Kf5 48. Rc4 Kg6 49. b4 Kh5 50. a4 Re7 51.
Rd4 Rc7+ 52. Kd3 h6 53. gxh6 Kxh6 54. b5 g6 55. a5 Kh5 56. b6 axb6 57. axb6 Rc6 58.
Rb4 g5 59. hxg5 Kxg5 60. Kd4 Kf4 61. Kd5+ Kf5 62. Rb3 Kf4 63. Rb4+ Ke3 64. Rb3+ Kd2 65. Rb2+ Kc3 66. Rb5 Kd3 67. Rb3+ Kc2 68. Rb5 Kc3 1/2-1/2

[Event "Un Sabato di Lampo"]
[Site "Chess.com"]
[Date "2020.04.11"]
[Round "3"]
[White "SanSecondoPR"]
[Black "Delsoldato03"]
[Result "1-0"]
[WhiteElo "1314"]
[BlackElo "930"]
[TimeControl "300+2"]
[EndTime "6:27:24 PDT"]
[Termination "SanSecondoPR ha vinto per abbandono"]

1. e4 e5 2. d4 exd4 3. c3 dxc3 4. Bc4 Nc6 5. Nf3 Bb4 6. bxc3 Ba5 7. O-O Nge7 8. Nd4 O-O 9. Nf5 Nxf5 10. exf5 d6 11.
Nd2 Bxc3 12. Rb1 Rb8 13. Rb3 Bxd2 14. Qxd2 Bxf5 15. Rg3 Qf6 16. Bb2 Qe7 17. Rxg7+ Kh8 18. Rxf7+ Kg8 19. Rxe7+ 1-0

[Event "Un Sabato di Lampo"]
[Site "Chess.com"]
[Date "2020.04.11"]
[Round "3"]
[White "SpessoInstabile"]
[Black "sirmale49"]
[Result "1-0"]
[WhiteElo "1311"]
[BlackElo "1420"]
[TimeControl "300+2"]
[EndTime "6:30:09 PDT"]
[Termination "SpessoInstabile ha vinto per scaccomatto"]

1. d4 d5 2. c4 e5 3. Nf3 Nc6 4. e3 Bb4+ 5. Nc3 Be6 6. cxd5 Bxd5 7. Bb5 e4 8. Nd2 f5 9. Bxc6+ Bxc6 10. d5 Bd7 11. Qb3 Bxc3 12. bxc3 Rb8 13. Ba3 Nf6 14. O-O c6 15. c4 Kf7 16. Bd6 Rc8 17. dxc6 Bxc6 18.
c5+ Kg6 19. Qc3 Nd5 20. Qb2 h5 21. Rad1 h4 22. h3 Qd7 23. Qa3 a6 24. f3 Bb5 25.
Rf2 Rhe8 26. fxe4 fxe4 27. Rdf1 Re6 28. Rf7 Qd8 29. Qb2 Qg5 30. Qxg7+ Kh5 31. R1f5 Qxf5 32. Rxf5# 1-0

[Event "Un Sabato di Lampo"]
[Site "Chess.com"]
[Date "2020.04.11"]
[Round "3"]
[White "BungalowBill"]
[Black "mr6701"]
[Result "1-0"]
[WhiteElo "1652"]
[BlackElo "2092"]
[TimeControl "300+2"]
[EndTime "6:33:13 PDT"]
[Termination "BungalowBill ha vinto per abbandono"]

1. d4 d5 2. c4 e6 3. cxd5 exd5 4. Nc3 Nf6 5. Bg5 Be7 6. f3 h6 7. Bh4 O-O 8. e3 Nh5 9. Bf2 Re8 10. Bd3 Bh4 11. g3 Bg5 12. f4 Bf6 13. Qxh5 Bxd4 14. Nd1 Bxe3 15. Ne2 Nc6 16. Bxe3 Rxe3 17. Nxe3 Qe8 18.
Qf3 Nb4 19. Bb1 c5 20. a3 Nc6 21. O-O g6 22. Nxd5 Qd8 23. Nec3 Be6 24. Be4 Nd4 25.
Qg2 a6 26. Rad1 b5 27. Ne2 Nb3 28. Nf6+ Qxf6 29. Bxa8 Qxb2 30. Bf3 Qxa3 31. Nc3 b4 32.
Rd8+ Kg7 33. Ne4 Qa5 34. Rfd1 Nd4 35. Rd6 b3 36. Qb2 Kh7 37. Kg2 Nc2 38. Nf6+ Kg7 39. Ne8+ Kf8 40. Bc6 Ne3+ 41. Kg1 Nxd1 42. Qg7+ Ke7 43.
Qf6+ Kf8 44. Rxd1 c4 45. Nd6 Qc5+ 46. Qd4 Qxc6 47. Ne4 Qc8 48. Qh8+ Ke7 49. Qf6+ Kf8 50. Rd8+ Qxd8 51. Qxd8+ Kg7 52. Qf6+ Kf8 53. f5 gxf5 54. Nd6 a5 55. Qd8+ Kg7 56. Qxa5 b2 57. Qc3+ Kf8 58. Qxb2 Ke7 59. Nb5 Kd7 60. Qd4+ Kc6 61. Nc3 h5 62.
Kf2 h4 63. gxh4 Kc7 64. h5 f4 65. h6 Bf5 66. Nd5+ Kd6 67. Nxf4+ Ke7 68. Qe5+ Be6 69. Nxe6 fxe6 70. h7 c3 71. Qxc3 e5 72. h8=Q 1-0

[Event "Un Sabato di Lampo"]
[Site "Chess.com"]
[Date "2020.04.11"]
[Round "3"]
[White "markk000"]
[Black "crippo"]
[Result "1-0"]
[WhiteElo "1571"]
[BlackElo "1545"]
[TimeControl "300+2"]
[EndTime "6:33:49 PDT"]
[Termination "markk000 ha vinto per scaccomatto"]

1. d4 e5 2. c3 exd4 3. cxd4 d5 4. Nc3 Nf6 5. Bg5 c6 6. Nf3 Be7 7. e3 Bg4 8. Be2 O-O 9. O-O Nbd7 10. h3 Bh5 11.
Nd2 Bg6 12. Nb3 h6 13. Bf4 Ne4 14. Rc1 Bg5 15. Bxg5 Nxg5 16. Bg4 Nf6 17. Nc5 Rb8 18. h4 Nge4 19. N3xe4 Bxe4 20. Bf3 Nd7 21. Bxe4 Nxc5 22.
Bxd5 Ne6 23. Bxe6 fxe6 24. Qg4 Qd6 25. e4 Rf4 26. Qg3 Rbf8 27. Rcd1 Qe7 28. f3 Rxh4 29. d5 exd5 30. exd5 cxd5 31. Rfe1 Qd8 32. Rxd5 Qxd5 33. Qxh4 Qc5+ 34. Qf2 Qd5 35. b3 a6 36. Qe2 Qd4+ 37. Qe3 Qxe3+ 38. Rxe3 Rf7 39. Kf2 Rc7 40. Re2 Kf7 41. g4 Kg6 42. Kg3 Kh7 43. Re3 g5 44. a4 Kg7 45. Rd3 Rf7 46. Rd6 Rc7 47. Rd3 b5 48.
axb5 axb5 49. Rd5 Rb7 50. b4 Rb6 51. Rf5 Kg6 52. Rd5 Kf6 53. Rf5+ Ke6 54. f4 gxf4+ 55. Kxf4 Rb7 56. Rh5 Rd7 57. Rxh6+ Kd5 58. Rh1 Kc4 59. Rb1 Rf7+ 60. Kg5 Rf2 61. Kg6 Rg2 62. g5 Kd5 63. Kf6 Rf2+ 64. Kg7 Ke6 65. g6 Kf5 66. Kh7 Rh2+ 67.
Kg7 Rf2 68. Rc1 Ke6 69. Rc5 Rf5 70. Rxf5 Kxf5 71. Kf7 Ke5 72. g7 Kd4 73. g8=Q Kc4 74. Qg1 Kxb4 75. Qb1+ Ka4 76. Ke6 b4 77. Kd5 b3 78. Kc4 Ka3 79. Qxb3# 1-0

[Event "Un Sabato di Lampo"]
[Site "Chess.com"]
[Date "2020.04.11"]
[Round "4"]
[White "mr6701"]
[Black "SpessoInstabile"]
[Result "1-0"]
[WhiteElo "2092"]
[BlackElo "1311"]
[TimeControl "300+2"]
[EndTime "6:36:48 PDT"]
[Termination "mr6701 ha vinto per scaccomatto"]

1. e4 c5 2. d4 cxd4 3. c3 Nc6 4. cxd4 e6 5. Nf3 d6 6. Nc3 a6 7. Bd3 Qc7 8. O-O h6 9. Bf4 Nf6 10. Rc1 b5 11. Nd5 exd5 12. e5 dxe5 13. Bxe5 Nxe5 14. Rxc7 Nxf3+ 15. Qxf3 Bd6 16. Rc6 Be7 17. Re1 Bd7 18. Rc7 Rd8 19. Qe2 Be6 20. f4 Bg4 21. Qe5 Rd7 22.
Rxd7 Nxd7 23. Qxe7# 1-0

[Event "Un Sabato di Lampo"]
[Site "Chess.com"]
[Date "2020.04.11"]
[Round "4"]
[White "markk000"]
[Black "BungalowBill"]
[Result "1-0"]
[WhiteElo "1586"]
[BlackElo "1642"]
[TimeControl "300+2"]
[EndTime "6:39:03 PDT"]
[Termination "markk000 ha vinto per scaccomatto"]

1. d4 f5 2. c4 Nf6 3. Nc3 g6 4.
Bg5 Bg7 5. Qd2 h6 6. Bxf6 Bxf6 7. Nf3 d6 8. e4 Nc6 9. d5 Ne5 10. Nxe5 dxe5 11. exf5 Bxf5 12. Bd3 e4 13. Bxe4 Bxc3 14. Qxc3 Rf8 15. Bxf5 Rxf5 16. Qg7 Qd6 17. O-O O-O-O 18. Rfe1 Re8 19. h3 Qf4 20. Rf1 Rf7 21. Qxg6 Rf6 22.
Qxe8# 1-0

[Event "Un Sabato di Lampo"]
[Site "Chess.com"]
[Date "2020.04.11"]
[Round "4"]
[White "Delsoldato03"]
[Black "MarcoCiva"]
[Result "1-0"]
[WhiteElo "1076"]
[BlackElo "1388"]
[TimeControl "300+2"]
[EndTime "6:39:09 PDT"]
[Termination "Delsoldato03 ha vinto per abbandono"]

1. d4 Nf6 2. c4 e6 3. Nf3 d5 4.
Bg5 Bb4+ 5. Nc3 O-O 6. a3 Bxc3+ 7. bxc3 Nbd7 8. e3 b6 9. cxd5 exd5 10. Bd3 c5 11. O-O cxd4 12. cxd4 h6 13. Bxf6 Nxf6 14. Qc2 a5 15. Rac1 Ba6 16. Bxa6 Rxa6 17. Ne5 Ne4 18. f3 Nd6 19. Qc6 Nc4 20. Nxc4 dxc4 21. Qxc4 Qg5 22.
Qxa6 Qxe3+ 23. Kh1 Qxd4 1-0

[Event "Un Sabato di Lampo"]
[Site "Chess.com"]
[Date "2020.04.11"]
[Round "4"]
[White "crippo"]
[Black "SanSecondoPR"]
[Result "1-0"]
[WhiteElo "1548"]
[BlackElo "1311"]
[TimeControl "300+2"]
[EndTime "6:43:59 PDT"]
[Termination "crippo ha vinto per tempo"]

1. e4 e5 2. Nf3 Nc6 3. Bc4 Nf6 4. d3 d5 5. exd5 Nxd5 6. Nc3 Nxc3 7. bxc3 Be7 8. O-O O-O 9. Re1 Bg4 10. h3 Bh5 11. g4 Bg6 12. Nxe5 Nxe5 13. Rxe5 Bd6 14. Re1 Qh4 15. Qf3 Rfe8 16. Bd2 h5 17.
Rab1 hxg4 18. Qxg4 Qd8 19. Bg5 Rxe1+ 20. Rxe1 Qf8 21.
Bh4 Kh8 22. Bg3 Bh7 23. h4 f5 24.
Qf3 f4 25. Bh2 Qf5 26. Be6 Qg6+ 27. Bg4 Rf8 28. h5 Qf6 29. d4 Qf7 30. Be6 Qe8 31. c4 Bf5 32. d5 Bb4 33. Re2 Bxe6 34. Rxe6 1-0